AoeStats
← nodier.system

Black Forest

510665227Analyzed
2v2 RM · 16h ago on Oct 2, 2026· 57m 57s· 4 players
Game mode
Random Map
Map size
Medium (4 player)
Population
200
Speed
Normal
Resources
Standard
Victory
Conquest
Starting age
Dark Age
Ending age
Imperial Age
RankedLock teamsTeams togetherTeam positionsShared explorationLock speedFull tech treeHidden civsTurbo modeCheats
Victory
Defeat
🇵🇹 Portuguese · Portugal
697
+13
🇩🇪 Britons · Germany
637
+15
🇨🇴 Byzantines · Colombia
668
-16
🇨🇴 Spanish · Colombia
571
-12
BICHARNACO
1:39 Loom
15:16 Feudal Age
16:47 Double-Bit Axe
23:34 Castle Age
29:55 Bow Saw
31:16 Stone Mining
33:05 Fletching
33:16 Padded Archer Armor
34:44 Horse Collar
39:42 Imperial Age
38:11 Elite Skirmisher
38:50 Bodkin Arrow
39:11 Leather Archer Armor
39:02 Scale Barding Armor
39:51 Ballistics
39:22 Guard Tower
42:22 Chemistry
41:09 Arrowslits
42:00 Keep
42:42 Fortified Wall
42:43 Masonry
43:28 Bracer
43:59 Ring Archer Armor
43:51 Chain Barding Armor
43:42 Forging
43:01 Elite Conquistador
45:20 Chemistry
44:06 Arrowslits
44:56 Keep
45:51 Thumb Ring
45:11 Light Cavalry
46:04 Bloodlines
45:56 Husbandry
47:53 Bombard Tower
47:45 Fortified Wall
47:30 Murder Holes
47:46 Masonry
48:19 Cavalier
48:23 Hussar
51:30 Paladin
nodier.system
3:28 Loom
17:55 Feudal Age
19:41 Double-Bit Axe
21:26 Wheelbarrow
25:21 Castle Age
26:24 Stone Mining
28:01 Gold Mining
28:39 Caravan
29:49 Horse Collar
32:06 Hand Cart
31:58 Heavy Plow
37:39 Imperial Age
39:26 Chemistry
40:16 Greek Fire
41:28 Gold Shaft Mining
42:35 Crop Rotation
41:47 Cavalier
42:28 Husbandry
42:23 Man-at-Arms
42:24 Pikeman
43:05 Squires
42:51 Gambesons
46:31 Long Swordsman
46:57 Arson
46:38 Crossbowman
46:39 Elite Skirmisher
47:25 Thumb Ring
47:33 Onager
49:43 Bow Saw
49:04 Light Cavalry
49:24 Arbalester
49:58 Paladin
49:59 Hussar
51:00 Heavy Camel Rider
51:22 Arbalester
51:23 Heavy Cavalry Archer
51:35 Arbalester
51:35 Heavy Cavalry Archer
53:00 Padded Archer Armor
52:51 Fletching
53:02 Scale Mail Armor
53:07 Scale Barding Armor
53:04 Arbalester
53:05 Heavy Cavalry Archer
54:23 Paladin
54:24 Hussar
54:29 Heavy Camel Rider
Heistergand
0:36 Loom
15:49 Feudal Age
20:31 Castle Age
18:53 Horse Collar
19:01 Double-Bit Axe
19:10 Gold Mining
22:03 Bow Saw
21:57 Heavy Plow
21:55 Stone Mining
22:11 Caravan
22:16 Fletching
23:31 Wheelbarrow
23:35 Crossbowman
26:05 Ballistics
26:27 Bodkin Arrow
26:26 Guard Tower
27:07 Town Watch
29:46 Gold Shaft Mining
33:33 Imperial Age
31:09 Padded Archer Armor
31:22 Masonry
30:54 Treadmill Crane
33:45 Fortified Wall
33:31 Murder Holes
33:54 Leather Archer Armor
33:50 Forging
33:41 Scale Mail Armor
34:26 Hand Cart
34:52 Caravan
36:30 Chemistry
38:20 Capped Ram
39:37 Architecture
40:21 Conscription
40:05 Warwolf
40:25 Yeomen
41:32 Two-Man Saw
43:04 Siege Engineers
42:45 Arrowslits
44:23 Hoardings
43:24 Elite Longbowman
45:00 Bracer
45:38 Ring Archer Armor
46:13 Squires
45:33 Pikeman
47:54 Halberdier
48:55 Arson
51:43 Sanctity
51:33 Fervor
51:52 Husbandry
51:13 Cavalier
51:15 Light Cavalry
55:07 Iron Casting
54:38 Scale Barding Armor
54:49 Chain Mail Armor
58:34 Blast Furnace
57:55 Chain Barding Armor
dvdsnts13
0:26 Loom
15:23 Feudal Age
17:21 Wheelbarrow
16:31 Town Watch
16:29 Horse Collar
16:40 Double-Bit Axe
22:22 Castle Age
24:12 Hand Cart
23:58 Town Patrol
28:21 Heavy Plow
34:40 Imperial Age
33:21 Bow Saw
36:29 Two-Man Saw
36:05 Crop Rotation
36:37 Chemistry
35:58 Ballistics
35:21 Treadmill Crane
35:34 Heated Shot
35:44 Gold Mining
35:45 Stone Mining
38:23 Forging
38:14 Scale Mail Armor
38:05 Fletching
38:16 Padded Archer Armor
38:38 Bombard Tower
38:25 Siege Engineers
38:15 Murder Holes
38:31 Masonry
38:32 Fortified Wall
38:14 Guard Tower
40:44 Iron Casting
40:25 Chain Mail Armor
40:06 Bodkin Arrow
40:54 Elite Organ Gun
41:35 Arquebus
41:56 Conscription
41:59 Leather Archer Armor
42:27 Architecture
42:39 Keep
43:48 Blast Furnace
43:19 Plate Mail Armor
42:50 Bracer
42:43 Gambesons
42:19 Pikeman
42:45 Arson
43:49 Ring Archer Armor
44:18 Halberdier
46:47 Thumb Ring
46:03 Elite Skirmisher
Connection lost

Rejoining the realm…

Still unreachable

The connection could not be restored.

Session expired

The server has moved on; the page needs a fresh start.